 Dungeon Crawl Stone Soup version 0.25-a0-558-g78a2afb0af (webtiles) character file.

Game seed: 12861825441641555231, levelgen mode: deterministic

0 Gargoyl the Skirmisher (level 1, -16/19 HPs)
             Began as a Centaur Abyssal Knight on Feb 25, 2020.
             Was a Follower of Lugonu.
             Demolished by a white very ugly thing (21 damage)
             ... on level 1 of the Abyss.
             The game lasted 00:00:37 (167 turns).

Gargoyl the Skirmisher (Centaur Abyssal Knight)      Turns: 167, Time: 00:00:37

Health: -16/19     AC:  4    Str: 14    XL:     1   Next: 0%
Magic:  2/2        EV:  9    Int: 11    God:    Lugonu [*.....]
Gold:   8          SH:  0    Dex:  8    Spells: 0/0 levels left

rFire    . . .     SeeInvis .   a - +1 hand axe
rCold    . . .     Gourm    .   (no shield)
rNeg     . . .     Faith    .   b - +0 leather armour
rPois    .         Spirit   .   (no helmet)
rElec    .         Reflect  .   (no cloak)
rCorr    .         Harm     .   (no gloves)
MR       .....                  (no barding)
Stlth    ..........             (no amulet)
HPRegen  0.06/turn              (no ring)
MPRegen  0.08/turn              (no ring)

@: very quick
A: large, hooves 3, deformed body, speed 2, tough skin 3
a: Depart the Abyss, Renounce Religion


You were on level 1 of the Abyss.
You worshipped Lugonu.
Lugonu was aware of your devotion.
You were not hungry.

You visited 0 branches of the dungeon, and saw 0 of its levels.
You visited the Abyss 1 time.

You collected 8 gold pieces.

Inventory:

Hand Weapons
 a - a +1 hand axe (weapon)
Armour
 b - a +0 leather armour (worn)
Comestibles
 c - a ration


   Skills:
 + Level 3.0 Fighting
 + Level 1.7 Axes
 + Level 1.3 Armour
 + Level 0.6 Dodging
 + Level 2.0 Invocations


You couldn't memorise any spells.
You didn't know any spells.
Your spell library was empty.

Dungeon Overview and Level Annotations

Branches:
Dungeon (0/15)

Altars:


Innate Abilities, Weirdness & Mutations

You have hooves in place of feet.
Armour fits poorly on your strangely shaped body.
You cover ground very quickly.
You have extremely tough skin. (AC +3)


Message History

The small abomination hits you but does no damage.
The worldbinder calls forth creatures from the Crypt!
A great orb of eyes comes into view.
The great orb of eyes turns its gaze towards you.
The small abomination barely misses you.
The great orb of eyes gazes at you.
You barely resist.
The small abomination completely misses you.
The great orb of eyes pulsates ominously.
The small abomination hits you but does no damage.
The small abomination hits you!
Ouch! That really hurt!
* * * LOW HITPOINT WARNING * * *
A white very ugly thing comes into view.
You hit the white very ugly thing but do no damage.
You hit the small abomination.
The small abomination hits you but does no damage.
The white very ugly thing pecks you!!
Ouch! That really hurt!
You die...

.. # #.....####
#.##.########...#.#
....#...#..##....##
.#..##....##... .#
##...#......# ##..#
#..#.........## .
.# ........#.## . #
#u##....#.# #.
#@x..#. ##
#####≈..# .#≈#.#
.≈≈≈≈#.# ## #≈≈#...
#.## #.# ... ..


You could see a white very ugly thing and a small abomination.

Vanquished Creatures (others)
  7 starspawn tentacles (Abyss:1)
7 creatures vanquished.

Notes
Turn   | Place    | Note
-------+----------+-------------------------------------------
     0 | Abyss:1  | Gargoyl the Centaur Abyssal Knight began the quest for the
                  | Orb.
     0 | Abyss:1  | Reached XP level 1. HP: 19/19 MP: 2/2
    57 | Abyss:1  | Noticed a large abomination
    99 | Abyss:1  | Noticed a tentacled starspawn
   109 | Abyss:1  | Noticed a hungry ghost
   109 | Abyss:1  | Noticed a small abomination
   109 | Abyss:1  | Noticed a worldbinder
   119 | Abyss:1  | Noticed a wraith
   124 | Abyss:1  | Noticed a large abomination
   131 | Abyss:1  | Noticed a shadow
   131 | Abyss:1  | Noticed a wraith
   131 | Abyss:1  | Noticed a shadow
   135 | Abyss:1  | Noticed a great orb of eyes
   165 | Abyss:1  | Noticed a white very ugly thing
   167 | Abyss:1  | Demolished by a white very ugly thing

Levels and vault maps discovered:
Abyss:1:  hangedman_cross_veins, due_exit_kobolds

Action                   || total
-------------------------++-------
Melee: Hand axe          ||     2
Armor: Leather armour    ||     4
Dodge: Dodged            ||     7

Table legend:
 A = Non-vault XP
 B = Vault XP
 C = Vault XP percentage of total XP
 D = Non-vault monster count
 E = Vault monster count
 F = Vault count percentage of total count
                 A         B        C        D         E       F
            +---------+---------+-------+---------+---------+-------
      Total |       0 |       0 |   N/A |       0 |       0 |  -nan
            +---------+---------+-------+---------+---------+-------
            +---------+---------+-------+---------+---------+-------
